 Dungeon Crawl Stone Soup version 0.16.2-12-gd0ad4c3 (webtiles) character file.

6885 Kloppie the Basher (level 10, -1/83 HPs)
             Began as a Mummy Fighter on Oct 27, 2015.
             Was a High Priest of Okawaru.
             Slain by an eight-headed hydra (7 damage)
             ... on level 1 of the Lair of Beasts on Oct 28, 2015.
             The game lasted 00:32:01 (9649 turns).

Kloppie the Basher (Mummy Fighter)                  Turns: 9649, Time: 00:32:01

Health: -1/83      AC: 13    Str: 21    XL:     10   Next: 79%
Magic:  11/13      EV: 12    Int:  7    God:    Okawaru [*****.]
Gold:   490        SH: 11    Dex: 12    Spells: 0 memorised, 9 levels left

rFire  + . .     SeeInvis .     a - +2 flail (drain)
rCold  + . .     Clarity  .     A - +4 leather armour of the Oligarchy {rF+}
rNeg   + + +     SustAb   .     c - +0 shield
rPois  ∞         Gourm    .     k - +2 hat
rElec  .         Spirit   .     t - +1 cloak {MR+}
rCorr  .         Warding  .     (no gloves)
rMut   .         Stasis   .     (no boots)
MR     ++...                    (no amulet)
Stlth  +++.......               (no ring)
                                l - ring of protection from fire

@: heroism, very resistant to hostile enchantments, fairly stealthy
A: no food or potions, fire vulnerability, restore body, cold resistance 1,
negative energy resistance 3, poison resistance, torment resistance, unbreathing
a: Heroism, Finesse, Renounce Religion


You were on level 1 of the Lair of Beasts.
You worshipped Okawaru.
Okawaru was extremely pleased with you.
You were not hungry.

You visited 3 branches of the dungeon, and saw 11 of its levels.

You collected 490 gold pieces.

Inventory:

Hand weapons
 a - a +2 flail of draining (weapon)
 b - a +0 blowgun
 d - a +0 flail
Missiles
 g - 43 poisoned needles
Armour
 c - a +0 shield (worn)
 k - a +2 hat (worn)
 t - a +1 cloak of magic resistance (worn)
 A - the +4 leather armour of the Oligarchy (worn) {rF+}
   (You found it on level 8 of the Dungeon)

   It protects you from fire.
Jewellery
 l - a ring of protection from fire (left hand)
Magical devices
 m - a wand of cold (4)
 s - a wand of digging (7)
 x - a wand of slowing (8)
 y - a wand of polymorph (8)
 z - a wand of cold (7)
Scrolls
 e - 3 scrolls of amnesia
 f - 2 scrolls of magic mapping
 i - 3 scrolls of identify
 j - a scroll of noise
 o - a scroll of enchant weapon
 p - 3 scrolls of fog
 q - 2 scrolls of blinking
 r - a scroll of enchant armour
 u - 4 scrolls of remove curse
 v - 6 scrolls of teleportation
 w - a scroll of fear
 B - a scroll of immolation {unknown}
Books
 h - an Akashic Record {highlevel, unknown}

   This book is beyond your current level of understanding.

   Spells                             Type                      Level
   a - Dispersal                      Translocation                6
   b - Controlled Blink               Translocation                7
   c - Malign Gateway                 Summoning/Translocation      7
   d - Disjunction                    Translocation                8
   e - Singularity                    Translocation                9
 n - a book of the Sky

   Spells                             Type                      Level
   a - Flight                         Charms/Air                   3
   b - Airstrike                      Air                          4
   c - Silence                        Hexes/Air                    5
   d - Deflect Missiles               Charms/Air                   6
   e - Conjure Ball Lightning         Conjuration/Air              6
   f - Tornado                        Air                          9


   Skills:
 - Level 9.0(14.0) Fighting
 + Level 10.0(15.0) Maces & Flails
 + Level 7.0(12.0) Armour
 - Level 2.4(7.4) Shields
 - Level 2.1 Invocations


You had 9 spell levels left.
You didn't know any spells.

Dungeon Overview and Level Annotations

Branches:
Dungeon (9/15)             Temple (1/1) D:4            Lair (1/8) D:9
    Orc: D:9-12

Altars:
Ashenzari
Cheibriados
Dithmenos
Elyvilon
Fedhas
Gozag
Kikubaaqudgha
Makhleb
Nemelex Xobeh
Okawaru
Qazlal
Ru
Trog
Vehumet
Xom
Yredelemnul
Zin
The Shining One

Annotations:
D:2 Terence
D:3 Sigmund


Innate Abilities, Weirdness & Mutations

You do not eat or drink.
Your flesh is vulnerable to fire.
Your flesh is cold resistant.
You are immune to negative energy.
Your system is resistant to poisons.
You are immune to unholy pain and torment.
You can survive without breathing.


Message History

The eight-headed hydra bites you.
* * * LOW HITPOINT WARNING * * *
The eight-headed hydra completely misses you.
The eight-headed hydra closely misses you.
The eight-headed hydra bites you but does no damage.
Evoke which item? (* to show all) (? for menu, Esc to quit)
Zapping:
m - a wand of cold (will waste charges)
Press: ? - help, Shift-Dir - straight line, f - eight-headed hydra
Aim: an eight-headed hydra (moderately wounded, lightly drained)
The bolt of cold hits the eight-headed hydra.
The eight-headed hydra is heavily wounded.
Evoking this partially-identified wand wasted a few charges.
The eight-headed hydra bites you but does no damage.
The eight-headed hydra completely misses you.
You block the eight-headed hydra's attack. x2
The eight-headed hydra bites you.
* * * LOW HITPOINT WARNING * * *
You block the eight-headed hydra's attack.
The eight-headed hydra bites you!
You die...

......... .........
......... ........#
.........#
.........##
##........##
#.......D.#
#........@.##
...........###
#......##....###
......# #.#....#
....#.#####..###
...#.#..#.#...###
..............#P#
.................#
...........##.....#


You could see an eight-headed hydra.

Vanquished Creatures
  A hydra (Lair:1)
  A spiny frog (Lair:1)
  A fire drake (D:9)
  A komodo dragon (Lair:1)
  4 yaks (D:9)
  Eustachio (D:5)
  Grum (D:8)
  A hippogriff (Lair:1)
  3 wolves (D:8)
  Edmund (D:5)
  2 orc warriors
  3 ogres
  A wasp (D:7)
  A phantom (D:4)
  3 sky beasts
  3 centaurs
  4 necrophages
  A crocodile (Lair:1)
  6 giant frogs
  3 big kobolds
  Blork the orc (D:7)
  4 scorpions
  2 jellies (D:6)
  2 giant frog zombies
  A goliath beetle (D:7)
  5 crimson imps
  3 orc wizards
  Crazy Yiuf (D:7)
  3 centaur skeletons
  5 hounds
  4 iguanas
  A giant frog skeleton (D:5)
  6 worker ants
  Jessica (D:2)
  A worker ant zombie (D:7)
  16 adders
  8 gnolls
  15 river rats
  A shadow imp (D:6)
  3 worms
  2 giant mites (D:6)
  2 oozes
  24 orcs
  11 bats
  A bat skeleton (D:5)
  3 bat zombies
  7 giant cockroaches
  11 goblins
  13 hobgoblins
  A jackal (D:3)
  8 quokkas
  2 ball pythons (D:1)
  3 giant geckos
  8 giant newts
  26 kobolds
  A quokka skeleton (D:4)
  13 rats
  A ballistomycete (D:9)
262 creatures vanquished.

Vanquished Creatures (others)
  A giant spore (D:9)
1 creature vanquished.

Grand Total: 263 creatures vanquished

Notes
Turn   | Place    | Note
--------------------------------------------------------------
     0 | D:1      | Kloppie, the Mummy Fighter, began the quest for the Orb.
     0 | D:1      | Reached XP level 1. HP: 18/18 MP: 1/1
   156 | D:1      | Reached XP level 2. HP: 24/24 MP: 2/2
   733 | D:2      | Noticed Terence
   918 | D:2      | Reached XP level 3. HP: 16/30 MP: 3/3
  1075 | D:2      | Found a radiant altar of Vehumet.
  1075 | D:2      | Found a white marble altar of Elyvilon.
  1121 | D:2      | Found an iron altar of Okawaru.
  1156 | D:2      | Became a worshipper of Warmaster Okawaru
  1456 | D:2      | Noticed Jessica
  1461 | D:2      | Killed Jessica
  1461 | D:2      | Reached skill level 4 in Fighting
  1461 | D:2      | Reached XP level 4. HP: 35/37 MP: 4/4
  1772 | D:3      | Found a shimmering altar of Xom.
  1838 | D:3      | Reached XP level 5. HP: 37/43 MP: 5/5
  2146 | D:3      | Noticed Sigmund
  2382 | D:4      | Reached skill level 5 in Fighting
  2550 | D:4      | Noticed a phantom
  2629 | D:4      | Killed a phantom
  2629 | D:4      | Acquired Okawaru's first power
  2629 | D:4      | Reached XP level 6. HP: 27/51 MP: 6/6
  2749 | D:4      | Found a staircase to the Ecumenical Temple.
  2753 | Temple   | Entered the Ecumenical Temple
  2885 | D:4      | Found a basalt altar of Yredelemnul.
  3565 | D:5      | Entered Level 5 of the Dungeon
  3583 | D:5      | Noticed Edmund
  3749 | D:5      | Noticed Eustachio
  3854 | D:4      | Reached XP level 7. HP: 43/57 MP: 7/7
  3959 | D:5      | Reached skill level 6 in Fighting
  4112 | D:5      | Killed Eustachio
  4112 | D:5      | Reached skill level 5 in Maces & Flails
  4481 | D:5      | Killed Edmund
  4481 | D:5      | Reached skill level 7 in Fighting
  4486 | D:5      | Reached XP level 8. HP: 63/67 MP: 8/8
  5367 | D:6      | Reached skill level 8 in Fighting
  6125 | D:7      | Reached XP level 9. HP: 46/75 MP: 9/9
  6297 | D:7      | Reached skill level 9 in Fighting
  6449 | D:7      | Noticed Blork the orc
  6462 | D:7      | Killed Blork the orc
  6462 | D:7      | Reached skill level 1 in Invocations
  6708 | D:7      | Noticed Crazy Yiuf
  6714 | D:7      | Killed Crazy Yiuf
  7330 | D:8      | Noticed Grum
  7348 | D:8      | Killed Grum
  7711 | D:8      | Found an opulent altar of Gozag.
  7832 | D:8      | Got an ancient leather armour
  7833 | D:8      | Identified the +4 leather armour of the Oligarchy {rF+} (You found it on level 8 of the Dungeon)
  7958 | D:9      | Reached XP level 10. HP: 83/83 MP: 10/13
  7961 | D:9      | Reached skill level 5 in Armour
  8145 | D:9      | Acquired Okawaru's second power
  8658 | D:9      | Found a staircase to the Lair.
  8659 | D:9      | Noticed a fire drake
  8680 | D:9      | Killed a fire drake
  8935 | Lair:1   | Entered Level 1 of the Lair of Beasts
  9179 | Lair:1   | Noticed a seven-headed hydra
  9197 | Lair:1   | Killed a seven-headed hydra
  9575 | Lair:1   | Reached skill level 10 in Maces & Flails
  9636 | Lair:1   | Noticed an eight-headed hydra
  9649 | Lair:1   | Slain by an eight-headed hydra

Action                   |  1- 3 |  4- 6 |  7- 9 | 10-12 || total
-------------------------+-------+-------+-------+-------++-------
Melee: Flail             |    91 |   299 |   415 |   224 ||  1029
Invok: Heroism           |       |       |     3 |     3 ||     6
Evoke: Wand              |       |       |     4 |     1 ||     5
  Use: Scroll            |       |       |    14 |       ||    14
 Stab: Sleeping          |       |       |       |     2 ||     2
